 Dungeon Sprint DCSS version 0.18-a0-1788-g92de1ac (webtiles) character file.

2110 Kidiri the Covert (level 9, -1/46 HPs)
             Began as a Spriggan Enchanter on Apr 19, 2016.
             Was an Initiate of Dithmenos.
             Slain by a kraken (8 damage)
             ... in the Dungeon (Sprint II: "The Violet Keep of Menkaure").
             The game lasted 00:10:12 (1340 turns).

Kidiri the Covert (Spriggan Enchanter)              Turns: 1340, Time: 00:10:13

Health: -1/46      AC:  3    Str: 11    XL:     9   Next: 7%
Magic:  17/24      EV: 28    Int: 18    God:    Dithmenos [......]
Gold:   242        SH:  3    Dex: 18    Spells: 8 memorised, 0 levels left

rFire  . . .     SeeInvis +     m - +2 short sword (venom)
rCold  + . .     Gourm    .     l - +1 robe of Unreason {Str+7}
rNeg   . . .     Faith    .     (shield restricted)
rPois  .         Spirit   .     (helmet restricted)
rElec  .         Dismiss  .     (no cloak)
rCorr  .         Reflect  +     (gloves unavailable)
SustAt .         Harm     .     (boots unavailable)
MR     +....     NoTele   +     t - +3 amulet of reflection
Stlth  ++++++....               (no ring)
                                r - ring of protection from cold

@: very slightly contaminated, very quick, somewhat resistant to hostile
enchantments, very stealthy
A: unfitting armour, see invisible, herbivore 3, speed 3, slow metabolism 2
a: Renounce Religion


You were in the Dungeon.
You worshipped Dithmenos.
Dithmenos was noncommittal.
You were not hungry.

You visited 1 branch You collected 1157 gold pieces.
You spent 915 gold pieces at shops.

Inventory:

Hand Weapons
 m - a +2 short sword of venom (weapon)
Armour
 l - the +1 robe of Unreason (worn) {Str+7}
   (You bought it in a shop in the Dungeon)

   It affects your strength (+7).
Jewellery
 r - a ring of protection from cold (left hand)
 t - a +3 amulet of reflection (around neck)
Wands
 i - a wand of lightning (13/15)
Scrolls
 c - 3 scrolls of enchant armour
 j - a scroll of blinking
 q - a scroll of amnesia
 s - a scroll of fear
 w - a scroll of magic mapping
Potions
 e - 2 potions of curing
 f - a potion of heal wounds
 g - a potion of haste
 h - 2 potions of magic
 u - a potion of invisibility {unknown}
 x - 3 potions of flight {unknown}
 z - 3 potions of resistance {unknown}
Books
 k - a book of Enchantments

   Spells                             Type                      Level
   a - Cause Fear                     Hexes                        4
   b - Yara's Violent Unravelling     Hexes/Transmutation          5
   c - Silence                        Hexes/Air                    5
   d - Deflect Missiles               Charms/Air                   6
   e - Haste                          Charms                       6
   f - Discord                        Hexes                        8
Comestibles
 d - a bread ration
 o - a royal jelly
 p - 5 fruits


   Skills:
 + Level 4.6 Fighting
 * Level 9.1 Short Blades
 + Level 4.3 Armour
 * Level 11.8 Dodging
 * Level 13.2 Stealth
 * Level 10.4 Spellcasting
 + Level 2.8 Conjurations
 + Level 7.9 Hexes
 + Level 3.6 Charms
 + Level 3.2 Ice Magic
 + Level 2.0 Air Magic
 + Level 0.0 Invocations


You couldn't memorise any spells.
You knew the following spells:

 Your Spells              Type           Power        Failure   Level  Hunger
a - Corona                Hex            #####..      1%          1    None
b - Ensorcelled Hibernat  Hex/Ice        ####..       1%          2    None
c - Confuse               Hex            #####...     1%          3    None
d - Tukima's Dance        Hex            #####...     1%          3    None
e - Dazzling Spray        Conj/Hex       ####....     2%          3    None
f - Cause Fear            Hex            #####.....   2%          4    ###....
g - Deflect Missiles      Chrm/Air       ###.......   100%        6    ######.
h - Haste                 Chrm           ###.....     100%        6    ######.


Dungeon Overview and Level Annotations

Branches:
Dungeon (1/1)

Altars:
Cheibriados
Dithmenos
Elyvilon
Fedhas
Gozag
Kikubaaqudgha
Makhleb
Nemelex Xobeh
Okawaru
Pakellas
Qazlal
Ru
Sif Muna
Trog
Vehumet
Xom
Yredelemnul
Zin
The Shining One
Beogh
Jiyva
Lugonu

Shops:
D [:}![=}:!%![==?(

Annotations:
D exclusion: oklob plant


Innate Abilities, Weirdness & Mutations

You are tiny and cannot use many weapons and most armour.
You have supernaturally acute eyesight.
You are a herbivore.
You cover ground extremely quickly.
You need consume almost no food.


Message History

The tentacle is moderately wounded.
The kraken squirts a massive cloud of ink into the water!
The tentacle slaps you!
* * * LOW HITPOINT WARNING * * *
The tentacle completely misses you. The tentacle slaps you.
* * * LOW HITPOINT WARNING * * *
Unknown command.
Casting: Dazzling Spray
Confirm with . or Enter, or press ? or * to list all spells.
Aiming: Dazzling Spray
Press: ? - help, Shift-Dir - straight line, f - tentacle, p - kraken
Aim: a tentacle (ink, water)
The spray of energy hits the tentacle.
The tentacle is dazzled.
The spray of energy hits the kraken.
The kraken is almost dead.
The kraken is dazzled.
The spray of energy hits the tentacle.
The tentacle is moderately wounded.
The tentacle is dazzled.
The tentacle barely misses you. x2
The kraken bites you!
You die...

.##.#}§▓...[..%.▓▓,,,*,*,+≈,,≈+,*
...####▓[.[[...(▓▓,,,*,*,+≈,,≈+,*
#..##.#▓...(.).(▓▓,,,*,*,+≈,,≈+,*
+..#..#▓.)..()).▓▓,,,*,*,+≈,,≈+,*
#..#)%#▓......[[▓▓,⌠,*,*,*≈,,≈*,*
#..##.#▓..([)%)[▓▓,,,*,*,*≈,,≈*,*
##.^.##▓▓▓▓▓▓▓'▓▓▓▓+▓*,***≈,,≈***
.≈≈≈≈≈≈≈≈≈≈≈§§...X§≈▓,,,,,,,,**
.≈#+########+###@§w≈▓,,,,,,,**
.≈#.._._...#§≈§##§§≈▓,,,,,,**
.≈#._._._..#≈§§§####▓****≈**
≈≈#.._._._.#§≈§§§**,,*,,*≈*
≈≈#._._._._#§§tt≈≈*,,*,,*≈*
≈≈#.._._._.#§≈§≈§§+,,+,,*≈*
≈≈#..._._._#≈§≈§tt*,,*,,*≈*
≈≈#...._._.#≈§§≈≈≈*,,*,,*≈*
≈§#....._._#§§§§*********≈*


You could see a kraken (blind) and a tentacle (blind).

Vanquished Creatures
  A siren (D)
  A yaktaur (D)
  3 polar bears (D)
  2 hippogriffs (D)
  A wasp (D)
  4 necrophages (D)
  A crocodile (D)
  A hell rat (D)
  4 worker ants (D)
  A tentacle (D)
  A tentacle segment (D)
20 creatures vanquished.

Vanquished Creatures (others)
  Menkaure (D)
  A crocodile (D)
  10 tentacles (D)
  208 tentacle segments (D)
220 creatures vanquished.

Grand Total: 240 creatures vanquished

Notes
Turn   | Place    | Note
--------------------------------------------------------------
     0 | D        | Kidiri the Spriggan Enchanter began the quest for the Orb.
     0 | D        | Reached XP level 1. HP: 9/9 MP: 5/5
     1 | D        | Noticed a hippogriff
     1 | D        | Noticed a hippogriff
     4 | D        | Noticed a siren
     7 | D        | Noticed a worker ant
     7 | D        | Noticed a worker ant
    10 | D        | Noticed a necrophage
    10 | D        | Noticed a necrophage
    10 | D        | Noticed a necrophage
    10 | D        | Noticed a necrophage
    17 | D        | Killed a necrophage
    17 | D        | Reached skill level 1 in Fighting
    17 | D        | Reached skill level 1 in Armour
    17 | D        | Reached skill level 5 in Dodging
    17 | D        | Reached skill level 7 in Stealth
    17 | D        | Reached skill level 5 in Spellcasting
    17 | D        | Reached XP level 2. HP: 14/14 MP: 5/9
    17 | D        | Reached XP level 3. HP: 18/18 MP: 5/10
    17 | D        | Reached XP level 4. HP: 22/22 MP: 6/12
    20 | D        | Killed a necrophage
    20 | D        | Reached skill level 8 in Stealth
    20 | D        | Reached skill level 5 in Hexes
    20 | D        | Reached XP level 5. HP: 26/26 MP: 6/14
    27 | D        | Killed a necrophage
    27 | D        | Reached skill level 5 in Short Blades
    27 | D        | Reached skill level 9 in Stealth
    34 | D        | Killed a necrophage
    34 | D        | Reached XP level 6. HP: 31/32 MP: 7/17
    52 | D        | Killed Menkaure
    65 | D        | Learned a level 2 spell: Ensorcelled Hibernation
    69 | D        | Learned a level 3 spell: Confuse
    73 | D        | Learned a level 3 spell: Tukima's Dance
    77 | D        | Learned a level 3 spell: Dazzling Spray
   135 | D        | Reached skill level 10 in Stealth
   170 | D        | Killed a hippogriff
   170 | D        | Reached skill level 1 in Conjurations
   170 | D        | Reached skill level 1 in Ice Magic
   170 | D        | Reached XP level 7. HP: 36/36 MP: 17/19
   173 | D        | Killed a hippogriff
   173 | D        | Reached skill level 11 in Stealth
   193 | D        | Killed a siren
   193 | D        | Reached skill level 10 in Dodging
   193 | D        | Reached XP level 8. HP: 42/42 MP: 20/22
   313 | D        | Found Aguc's Antique Weapon Emporium.
   314 | D        | Found Zyekluo's Jewellery Emporium.
   314 | D        | Found Xohaff's Jewellery Shoppe.
   321 | D        | Found Ovvorph's Distillery.
   321 | D        | Found Vuamet's Food Shoppe.
   323 | D        | Found Quinwuj's Gadget Emporium.
   323 | D        | Found Jari Rang's Jewellery Shoppe.
   323 | D        | Found Wiux's Magic Scroll Shoppe.
   323 | D        | Found Dach's Distillery.
   324 | D        | Found Muucsilo's Antique Armour Emporium.
   324 | D        | Found Basit's Antique Armour Shoppe.
   324 | D        | Noticed a slime creature
   325 | D        | Found Dufi's Book Shoppe.
   327 | D        | Found Jokkup's Distillery.
   327 | D        | Found Awkaf's Gadget Emporium.
   327 | D        | Noticed a slime creature
   327 | D        | Noticed a slime creature
   327 | D        | Noticed an oklob plant
   328 | D        | Found Sinaat Xixaq's Antique Armour Shoppe.
   328 | D        | Found Peumm's Book Shoppe.
   334 | D        | Reached skill level 12 in Stealth
   339 | D        | Noticed a flying skull
   344 | D        | Noticed a flying skull
   364 | D        | Bought a book of Enchantments for 700 gold pieces
   375 | D        | Noticed a flying skull
   375 | D        | Bought a fine robe for 131 gold pieces
   385 | D        | Identified the +1 robe of Unreason {Str+7} (You bought it in a shop in the Dungeon)
   398 | D        | Bought a glowing short sword for 84 gold pieces
   420 | D        | Learned a level 4 spell: Cause Fear
   427 | D        | Learned a level 6 spell: Deflect Missiles
   458 | D        | Noticed an obsidian statue
   473 | D        | Found an ancient bone altar of Kikubaaqudgha.
   473 | D        | Found a bloodstained altar of Trog.
   474 | D        | Found a corrupted altar of Lugonu.
   474 | D        | Found an opulent altar of Gozag.
   475 | D        | Found a glowing silver altar of Zin.
   475 | D        | Found a stormy altar of Qazlal.
   475 | D        | Found a snail-covered altar of Cheibriados.
   475 | D        | Found a sacrificial altar of Ru.
   476 | D        | Found a glowing golden altar of the Shining One.
   476 | D        | Found a blossoming altar of Fedhas.
   476 | D        | Found an iron altar of Okawaru.
   477 | D        | Found a viscous altar of Jiyva.
   477 | D        | Found a sparkling altar of Nemelex Xobeh.
   477 | D        | Found a white marble altar of Elyvilon.
   478 | D        | Found a roughly hewn altar of Beogh.
   478 | D        | Found a basalt altar of Yredelemnul.
   479 | D        | Found a radiant altar of Vehumet.
   480 | D        | Noticed a yaktaur
   480 | D        | Noticed a polar bear
   481 | D        | Noticed a polar bear
   481 | D        | Noticed a polar bear
   490 | D        | Killed a polar bear
   490 | D        | Reached skill level 1 in Charms
   491 | D        | Killed a polar bear
   491 | D        | Reached skill level 1 in Air Magic
   498 | D        | Killed a yaktaur
   498 | D        | Reached skill level 10 in Spellcasting
   500 | D        | Reached skill level 13 in Stealth
   502 | D        | Killed a polar bear
   502 | D        | Reached XP level 9. HP: 15/46 MP: 2/24
   514 | D        | Found an oddly glowing altar of Pakellas.
   516 | D        | Found a shadowy altar of Dithmenos.
   516 | D        | Found a shimmering altar of Xom.
   517 | D        | Found a deep blue altar of Sif Muna.
   517 | D        | Found a burning altar of Makhleb.
   525 | D        | Became a worshipper of Dithmenos the Shadowed
   687 | D        | Noticed a kraken
   806 | D        | Learned a level 6 spell: Haste
  1340 | D        | Slain by a kraken

Vault maps used:
D:        the_violet_keep_of_menkaure

Skill      XL: |  1  2  3  4  5  6  7  8 |
---------------+-------------------------+-----
Fighting       | 1 2 3 4 |  4.6
Short Blades   | 3 4 6 7 8 9 |  9.1
Armour         | 1 2 3 4 |  4.3
Dodging        | 5 7 8 9 10 11 | 11.8
Stealth        | 7 8 9 10 11 13 | 13.2
Spellcasting   | 5 6 7 8 9 10 | 10.4
Hexes          | 4 5 6 7 |  7.9
Conjurations   | 1 2 |  2.8
Ice Magic      | 1 2 3 |  3.2
Charms         | 3 |  3.6
Air Magic      | 2 |  2.0

Action                   |  1- 3 |  4- 6 |  7- 9 || total
-------------------------+-------+-------+-------++-------
Melee: Dagger            |     4 |    21 |     4 ||    29
       Short sword       |       |       |    30 ||    30
 Cast: Corona            |     1 |       |       ||     1
       Ensorcelled Hiber |       |     2 |     8 ||    10
       Dazzling Spray    |       |       |    33 ||    33
       Confuse           |       |       |     3 ||     3
  Use: Potion            |     1 |       |     3 ||     4
       Scroll            |       |       |     9 ||     9
 Stab: Sleeping          |       |     5 |     5 ||    10
       Invisible         |       |       |     3 ||     3
       Confused          |       |       |     1 ||     1
Armor: Robe              |     1 |       |     2 ||     3
Dodge: Dodged            |     1 |     6 |    79 ||    86
